 Dungeon Crawl Stone Soup version 0.28-b1-1-g3c77fb2ed1 (webtiles) character file.

Game seed: 5316635489108027909

1775 cayde69 the Spear-Bearer (level 8, -9/55 (62) HPs)
             Began as a Demigod Fighter on Jan 30, 2022.
             Mangled by a wight (19 damage)
             ... on level 6 of the Dungeon.
             The game lasted 00:18:04 (6939 turns).

cayde69 the Spear-Bearer (Demigod Fighter)          Turns: 6939, Time: 00:18:05

HP:   -9/55 (62)    AC:  6    Str: 25    XL:     8   Next: 51%
MP:   10/10         EV:  9    Int: 10    God:
Gold: 282           SH:  4    Dex: 13    Spells: 7/7 levels left

rFire   + . .      SeeInvis .   t - +2 dagger (chaos)
rCold   x . .      Faith    .   c - +0 buckler
rNeg    . . .      Spirit   .   b - +0 scale mail
rPois   .          Reflect  .   (no helmet)
rElec   .          Harm     .   (no cloak)
rCorr   .          Rampage  .   (no gloves)
Will    .....                   (no boots)
Stlth   ..........              q - amulet of magic regeneration
HPRegen 0.18/turn               w - ring of fire
MPRegen 0.52/turn               (no ring)

@: heavily drained
A: high mp 1, forlorn, divine attributes
a: no special abilities


You were on level 6 of the Dungeon.
You visited 2 branches of the dungeon, and saw 7 of its levels.

You collected 282 gold pieces.

Inventory:

Hand Weapons
 a - a +0 long sword
 d - a +2 dagger of venom
 e - a +0 trident of protection
 t - a +2 dagger of chaos (weapon)
 v - a +1 vampiric glaive
 D - a +2 dagger of venom
Missiles
 n - 28 stones (quivered)
 p - 78 arrows
 s - a throwing net
 x - 13 poisoned darts
Armour
 b - a +0 scale mail (worn)
 c - a +0 buckler (worn)
 o - an orb of light
Magical Staves
 C - a staff of fire
Jewellery
 q - an amulet of magic regeneration (around neck)
 w - a ring of fire (left hand)
Scrolls
 f - a scroll of identify
 g - a scroll of torment {unknown}
 j - 2 scrolls of teleportation
 k - a scroll of blinking
 l - 4 scrolls of immolation
 r - a scroll of noise {unknown}
 u - a scroll of magic mapping {unknown}
 y - 2 scrolls of fear {unknown}
 E - a scroll of amnesia {unknown}
 F - a scroll of vulnerability {unknown}
Potions
 h - a potion of ambrosia {unknown}
 i - 2 potions of heal wounds {unknown}
 m - a potion of curing {unknown}
 z - a potion of haste {unknown}
 B - a potion of flight {unknown}
Miscellaneous
 A - a phantom mirror


   Skills:
 - Level 2.6 Fighting
 - Level 1.7 Long Blades
 * Level 10.4 Polearms
 - Level 2.6 Armour
 - Level 2.7 Shields


You had 7 spell levels left.
You didn't know any spells.
Your spell library contained the following spells:

 Spells                   Type           Power      Damage    Failure   Level
 Sandblast                Erth           0%         2d4       77%         1
 Summon Small Mammal      Summ           0%         N/A       77%         1
 Passwall                 Tmut/Erth      0%         N/A       88%         2
 Sublimation of Blood     Necr           0%         N/A       88%         2
 Wereblood                Tmut           0%         N/A       88%         2
 Call Canine Familiar     Summ           0%         N/A       98%         3
 Stone Arrow              Conj/Erth      0%         3d7       98%         3
 Summon Guardian Golem    Hex/Summ       0%         N/A       98%         3
 Tukima's Dance           Hex            0%         N/A       98%         3
 Passage of Golubria      Tloc           0%         N/A       100%        4
 Yara's Violent Unravell  Hex/Tmut       0%         3d3       100%        5
 Summon Hydra             Summ           0%         N/A       100%        7


Dungeon Overview and Level Annotations

Branches:
Dungeon (6/15)             Temple (1/1) D:4

Shops:
D:1 (   D:5 (

Annotations:
D:5 3 runed translucent doors, styxcanada's ghost, novice SpBr


Innate Abilities, Weirdness & Mutations

You have an increased reservoir of magic. (+10% MP)
You shall have no god before yourself.
Your divine heritage dramatically boosts your attributes as you level up.


Message History

You are too injured to fight recklessly!
You are too injured to fight recklessly!
You are too injured to fight recklessly!
You are too injured to fight recklessly!
You are too injured to fight recklessly!
You hit the black bear. You burn the black bear.
You kill the black bear!
You start resting.
HP restored.
There is a stone staircase leading up here.
You can't go down here!
You climb upwards.
Level annotation: 3 runed translucent doors, styxcanada's ghost, novice SpBr The wight hits you with a +3 great sword.
You feel drained. The wight misses you.
There is a stone staircase leading down here.
You closely miss the wight. You block the wight's attack.
You hit the wight but do no damage. You block the wight's attack.
You hit the wight but do no damage. The wight closely misses you.
You hit the wight but do no damage.
The wight hits you with a +3 great sword!
You can't go up here!
The wight barely misses you.
The wight hits you with a +3 great sword.
You feel drained.
You climb downwards.
There is a stone staircase leading up here.
You hit the wight.
The wight convulses.
The wight is lightly damaged.
The wight hits you with a +3 great sword!!
* * * LOW HITPOINT WARNING * * *
You are too injured to fight recklessly!
You are too injured to fight recklessly!
You are too injured to fight recklessly!
You are too injured to fight recklessly!
You are too injured to fight recklessly!
You completely miss the wight.
The wight is lightly damaged.
The wight hits you with a +3 great sword!!
You die...

.. ###. #.
.#$. #.## ..#
. #..###.#
#.. ##...#..#
#..#.......##
#..........#
#.....z@#
........###
.......##
####... .....
...##. ####
#. #.


You could see a wight.

Vanquished Creatures
  Grinder (D:5)
  A yak (D:4)
  A water moccasin (D:5)
  3 necrophages
  2 black bears
  An ogre (D:4)
  A kobold brigand (D:5)
  A phantom (D:4)
  A scorpion (D:5)
  A water moccasin zombie (D:4)
  A water moccasin skeleton (D:5)
  A wight (D:5)
  A crimson imp (D:3)
  A centaur skeleton (D:4)
  A hound (D:5)
  A jelly (D:5)
  3 orc priests (D:3)
  Terence (D:2)
  An orc wizard (D:4)
  A scorpion zombie (D:4)
  A howler monkey skeleton (D:4)
  4 adders
  3 gnolls
  An ufetubus (D:4)
  An adder zombie (D:3)
  3 dart slugs
  10 orcs
  5 endoplasms
  3 giant cockroaches
  9 goblins
  6 hobgoblins
  12 kobolds
  2 quokkas
  8 ball pythons
  A bat (D:1)
  A frilled lizard (D:2)
  6 rats
101 creatures vanquished.

Notes
Turn   | Place    | Note
-------+----------+-------------------------------------------
     0 | D:1      | cayde69 the Demigod Fighter began the quest for the Orb.
     0 | D:1      | Reached XP level 1. HP: 18/18 MP: 3/3
   189 | D:1      | Reached skill level 1 in Polearms
   358 | D:1      | Found Dirchitu's Antique Weapon Shop.
   491 | D:1      | Reached XP level 2. HP: 24/25 MP: 4/4
   557 | D:1      | Reached skill level 2 in Polearms
  1284 | D:2      | Noticed Terence
  1304 | D:2      | Killed Terence
  1305 | D:2      | Reached skill level 3 in Polearms
  1305 | D:2      | Reached XP level 3. HP: 23/30 MP: 5/5
  1884 | D:2      | Reached XP level 4. HP: 14/37 MP: 6/6
  2181 | D:3      | Reached skill level 4 in Polearms
  2577 | D:3      | Noticed a necrophage
  2599 | D:3      | Killed a necrophage
  2600 | D:3      | Reached skill level 5 in Polearms
  2600 | D:3      | Reached XP level 5. HP: 35/42 MP: 7/7
  2727 | D:3      | Noticed a black bear
  2736 | D:3      | Killed a black bear
  2737 | D:3      | Reached XP level 6. HP: 47/50 MP: 8/8
  2983 | D:4      | Found a large runed translucent door.
  2983 | D:4      | Found a large runed translucent door.
  2993 | D:4      | Found a large runed translucent door.
  2993 | D:4      | Found a large runed translucent door.
  3016 | D:4      | Reached skill level 6 in Polearms
  3468 | D:4      | Found a staircase to the Ecumenical Temple.
  3966 | D:3      | Reached skill level 7 in Polearms
  3966 | D:3      | Reached XP level 7. HP: 50/56 MP: 9/9
  4629 | D:4      | Reached skill level 8 in Polearms
  4847 | D:4      | Noticed a yak
  4877 | D:4      | Killed a yak
  5223 | Temple   | Entered the Ecumenical Temple
  5517 | D:5      | Entered Level 5 of the Dungeon
  5517 | D:5      | Found a runed translucent gate.
  5517 | D:5      | Found a runed translucent gate.
  5517 | D:5      | Found a runed translucent gate.
  5743 | D:5      | Reached XP level 8. HP: 62/62 MP: 10/10
  5766 | D:5      | Reached skill level 9 in Polearms
  5885 | D:5      | Found Dokh's Antique Weapon Shop.
  6038 | D:5      | Noticed Grinder
  6049 | D:5      | Paralysed by Grinder for 6 turns
  6063 | D:5      | Paralysed by Grinder for 3 turns
  6066 | D:5      | Killed Grinder
  6067 | D:5      | Reached skill level 10 in Polearms
  6418 | D:5      | Noticed styxcanada's ghost (novice SpBr)
  6939 | D:6      | Mangled by a wight

Illustrated notes

Levels and vault maps discovered:
D:1:      eino_arrival_cavern_e, layout_loops_corners, basic_ecumenical_altar,
          serial_shops, nicolae_shop_trees, item_on_display_a
D:2:      layout_loops_corners, uniq_terence
D:3:      layout_rooms, grunt_temple_overflow_champion_of_chaos
D:4:      minmay_chambers_of_fours, layout_layer_cave,
          minmay_temple_entry_stoned_glass, minmay_hollow_rounded_squares
D:5:      layout_basic, gammafunk_ghost_icy, serial_shops, shop, uniq_grinder
D:6:      layout_layer_cave, chequers_temple_overflow_minitemple,
          kennysheep_mini_moat, uniq_crazy_yiuf_cottage
Temple:   minmay_temple_curvy_loop

Skill      XL: |  1  2  3  4  5  6  7  8 |
---------------+-------------------------+-----
Polearms       | 1 3 5 7 8 10 | 10.4
Fighting       | |  2.6
Long Blades    | |  1.7
Armour         | |  2.6
Shields        | |  2.7

Action                   |  1- 3 |  4- 6 |  7- 9 || total
-------------------------+-------+-------+-------++-------
Melee: Trident           |   101 |   178 |   128 ||   407
       Long sword        |     2 |       |       ||     2
       Dagger            |       |       |    28 ||    28
Throw: Stone             |       |       |     1 ||     1
  Use: Potion            |     1 |       |       ||     1
       Scroll            |       |     4 |     1 ||     5
 Stab: Distracted        |       |       |     1 ||     1
       Petrifying        |       |       |     1 ||     1
Armor: Scale mail        |    36 |    86 |    48 ||   170
Dodge: Dodged            |    40 |    72 |    41 ||   153
Block: Buckler           |    13 |    29 |    27 ||    69
